 Dungeon Crawl Stone Soup version 0.20-a0-800-g4a616ed (webtiles) character file.

87 Laan the Poker (level 4, -4/35 HPs)
             Began as a Demonspawn Monk on Mar 2, 2017.
             Slain by yrara's ghost (11 damage)
             ... on level 3 of the Dungeon.
             The game lasted 00:04:16 (2267 turns).

Laan the Poker (Demonspawn Monk)                    Turns: 2267, Time: 00:04:16

Health: -4/35      AC: 14    Str: 11 (13) XL:     4   Next: 28%
Magic:  4/4        EV:  5    Int: 10 (12) God:
Gold:   116        SH:  0    Dex: 14 (16) Spells: 3/3 levels left

rFire    + + .     SeeInvis +   a - +0 spear
rCold    + . .     Gourm    .   i - +0 chain mail
rNeg     . . .     Faith    .   (no shield)
rPois    +         Spirit   .   (no helmet)
rElec    +         Reflect  .   (no cloak)
rCorr    +         Harm     .   (no gloves)
MR       .....                  (no boots)
Stlth    ..........             (no amulet)
Regen    0.2/turn               (no ring)
MPRegen  0.1/turn               p - ring of see invisible

@: resistant, sanguine armour, flying
A: claws 1, hooves 1, fire resistance 1, strong 1, sanguine armour 1
a: no special abilities


You were on level 3 of the Dungeon.
You were not hungry.

You visited 1 branch of the dungeon, and saw 3 of its levels.

You collected 116 gold pieces.

Inventory:

Hand Weapons
 a - a +0 spear (weapon)
Armour
 i - a +0 chain mail (worn)
Jewellery
 p - a ring of see invisible (left claw)
Scrolls
 d - 2 scrolls of amnesia {unknown}
 f - 2 scrolls of teleportation {unknown}
 g - a scroll of identify {unknown}
 l - 3 scrolls of remove curse {unknown}
 q - a scroll of blinking {unknown}
 u - a scroll of noise {unknown}
Potions
 e - a potion of mutation
Comestibles
 c - 3 bread rations
 j - a meat ration
 t - 3 fruits


   Skills:
 - Level 3.0 Fighting
 + Level 4.6 Polearms
 - Level 2.6 Dodging
 - Level 1.7 Stealth


You had 3 spell levels left.
You didn't know any spells.

Dungeon Overview and Level Annotations

Branches:
Dungeon (3/15)

Altars:

Annotations:
D:3 yrara's ghost, weakling DsFi


Innate Abilities, Weirdness & Mutations

You have sharp fingernails.
When seriously injured, your bleeding wounds create armour. (AC +6)
You have large cloven feet.
Your flesh is heat resistant. (rF+)
Your muscles are strong. (Str +2)


Message History

Yrara's ghost hits you but does no damage.
You hit yrara's ghost. Your kick misses yrara's ghost.
Yrara's ghost is almost destroyed.
Yrara's ghost barely misses you.
You hit yrara's ghost but do no damage.
Yrara's ghost is almost destroyed.
Yrara's ghost hits you.
* * * LOW HITPOINT WARNING * * *
You barely miss yrara's ghost.
Yrara's ghost is almost destroyed.
Yrara's ghost hits you but does no damage.
You barely miss yrara's ghost.
You kick yrara's ghost, but do no damage.
Yrara's ghost is almost destroyed.
Yrara's ghost hits you but does no damage.
You hit yrara's ghost but do no damage.
You kick yrara's ghost, but do no damage.
Yrara's ghost is almost destroyed.
Yrara's ghost hits you!
You die...

##.....#.#
#.....# #
#.#.###.##
#.##..........
#......###..[.
#####..# ######
#..# #....
#####).# #.#.#
#.@W...# ##.#.#
#.####.####....#
#. #..(......# #
#.
######...####.
#. #..........#
#. #.........##
#. #.......)..#
#. ####...####.
#...# #.


You could see yrara's ghost.

Vanquished Creatures
  Terence (D:3)
  An adder (D:2)
  An ooze (D:2)
  A leopard gecko (D:2)
  3 giant cockroaches
  8 goblins
  3 hobgoblins
  10 jackals
  7 kobolds
  A quokka (D:2)
  2 bats
  3 frilled lizards
  2 rats (D:1)
43 creatures vanquished.

Notes
Turn   | Place    | Note
-------+----------+-------------------------------------------
     0 | D:1      | Laan the Demonspawn Monk began the quest for the Orb.
     0 | D:1      | Reached XP level 1. HP: 18/18 MP: 1/1
    55 | D:1      | Reached skill level 3 in Polearms
   118 | D:1      | Gained mutation: You have sharp fingernails. [demonic ancestry]
   118 | D:1      | Reached XP level 2. HP: 10/24 MP: 2/2
  1226 | D:2      | Gained mutation: When seriously injured, your bleeding wounds create armour. (AC +6) [demonic ancestry]
  1226 | D:2      | Reached XP level 3. HP: 29/29 MP: 3/3
  1299 | D:2      | Reached skill level 4 in Polearms
  1777 | D:2      | Gained mutation: Your flesh is heat resistant. (rF+) [potion of mutation]
  1777 | D:2      | Gained mutation: Your muscles are strong. (Str +2) [potion of mutation]
  1777 | D:2      | Gained mutation: You have large cloven feet. [potion of mutation]
  1963 | D:3      | Noticed Terence
  2001 | D:3      | Killed Terence
  2001 | D:3      | Reached XP level 4. HP: 16/35 MP: 4/4
  2209 | D:3      | Noticed yrara's ghost (weakling DsFi)
  2267 | D:3      | Slain by yrara's ghost

Vault maps used:
D:1:      dpeg_chamrin_arrival_tetris
D:3:      first_bread, uniq_terence

Skill      XL: |  1  2  3 |
---------------+----------+-----
Polearms       | 3 4 |  4.6
Fighting       | |  3.0
Dodging        | |  2.6
Stealth        | |  1.7

Action                   |  1- 3 |  4- 6 || total
-------------------------+-------+-------++-------
Melee: Spear             |   188 |    49 ||   237
       Kick              |     8 |    17 ||    25
  Use: Potion            |     7 |     4 ||    11
 Stab: Sleeping          |     9 |       ||     9
       Invisible         |     1 |       ||     1
  Eat: Chunk             |     3 |     1 ||     4
Armor: Robe              |    35 |       ||    35
       Skin              |     6 |       ||     6
       Chain mail        |       |    17 ||    17
Dodge: Dodged            |   126 |    17 ||   143
